 Dungeon Crawl Stone Soup version 0.31-a0-851-g7ff8af7976 (webtiles) character file.

Game seed: 16686996706054891817

1996 Kurtz the Cleaver (level 9, -8/65 HPs)
             Began as a Mummy Delver on Oct 6, 2023.
             Was an Initiate of Gozag.
             Mangled by Maggie
             ... wielding a +0 halberd
              (11 damage)
             ... on level 7 of the Dungeon.
             The game lasted 00:08:27 (5632 turns).

Kurtz the Cleaver (Mummy Delver)                    Turns: 5632, Time: 00:08:28

Health: -8/65      AC: 15    Str: 17    XL:     9   Next: 1%
Magic:  9/9        EV:  5    Int: 10    God:    Gozag
Gold:   263        SH:  0    Dex: 17    Spells: 8/8 levels left

rFire   x . .        e - +1 war axe (heavy)
rCold   + . .        (no shield)
rNeg    + + +        n - +0 plate armour
rPois   ∞            (no helmet)
rElec   +            o - +0 cloak
rCorr   .            z - +1 pair of gloves
SInv    .            s - +0 pair of boots
Will    +....        u - amulet of Cowardice {Contam rElec Regen+ Str+2} Stlth
                     (no ring)
HPRegen 1.10/turn    (no ring)
MPRegen 0.11/turn

%: faith
@: gold aura, mesmerised
A: cold resistance 1, negative energy resistance 3, torment resistance 2, heat
vulnerability 1, in touch with death 1, no potions, faith
a: Renounce Religion, Potion Petition, Call Merchant, Bribe Branch


You were on level 7 of the Dungeon.
You worshipped Gozag.
Gozag was aware of your devotion.
You visited 2 branches of the dungeon, and saw 8 of its levels.

You collected 466 gold pieces.
You spent 160 gold pieces at shops.
You paid 43 gold pieces to Gozag.

Inventory:

Hand Weapons
 a - a +0 hand axe
 e - a +1 heavy war axe (weapon)
 j - a +0 war axe
 l - a +2 mace of protection
 y - a +0 morningstar
Missiles
 b - 5 poisoned darts (quivered)
 p - 62 stones
 v - 4 boomerangs
Armour
 n - a +0 plate armour (worn)
 o - a +0 cloak (worn)
 s - a +0 pair of boots (worn)
 z - a +1 pair of gloves (worn)
Jewellery
 t - a ring of willpower
 u - the amulet of Cowardice (around neck) {Contam rElec Regen+ Str+2}
   (You found it on level 5 of the Dungeon)

   [amulet of regeneration]

   Str+2:     It affects your strength (+2).
   rElec:     It insulates you from electricity.
   Contam:    It causes magical contamination when unequipped.
   Regen+:    It increases your rate of health regeneration.
Wands
 f - a wand of digging (3)
Scrolls
 c - 2 scrolls of fog
 d - a scroll of revelation
 g - a scroll of poison {unknown}
 h - 2 scrolls of blinking {unknown}
 i - 2 scrolls of teleportation {unknown}
 k - 2 scrolls of torment {unknown}
 m - 3 scrolls of identify {unknown}
 q - a scroll of immolation {unknown}
 r - 5 scrolls of enchant weapon {unknown}
 w - a scroll of enchant armour {unknown}
 x - a scroll of silence {unknown}


   Skills:
 * Level 3.9 Fighting
 - Level 9.4 Axes
 * Level 2.1 Armour
 * Level 2.0 Dodging
 - Level 4.1 Stealth


You had 8 spell levels left.
You didn't know any spells.
Your spell library contained the following spells:

 Spells                   Type           Power      Damage    Failure   Level
 Ensorcelled Hibernation  Hex/Ice        0%         N/A       100%        2
 Jinxbite                 Hex            0%         N/A       100%        2
 Ignite Poison            Fire/Tmut/Pois 0%         N/A       100%        3
 Ozocubu's Armour         Ice            0%         N/A       100%        3
 Anguish                  Hex/Necr       0%         N/A       100%        4
 Sticky Flame             Conj/Fire      0%         2d3       100%        4
 Iskenderun's Battlesphe  Conj           0%         2d6       100%        5
 Bombard                  Conj/Erth      0%         9d1       100%        6
 Ozocubu's Refrigeration  Ice            0%         4d7       100%        7
 Spellforged Servitor     Conj/Summ      0%         N/A       100%        7
 Ignition                 Fire           0%         3d3       100%        8


Dungeon Overview and Level Annotations

Branches:
Dungeon (7/15)             Temple (1/1) D:5

Altars:
Cheibriados
Dithmenos
Fedhas
Gozag
Hepliaklqana
Kikubaaqudgha
Makhleb
Nemelex Xobeh
Okawaru
Qazlal
Ru
Sif Muna
Trog
Wu Jian
Xom

Shops:
D:3 [

Annotations:
D:5 exclusion: downstairs
D:6 1 runed translucent door, Crazy Yiuf
D:7 Maggie


Innate Abilities, Weirdness & Mutations

You are immune to poison.
Your flesh is cold resistant. (rC+)
You are immune to negative energy. (rN+++)
You are immune to unholy pain and torment.
You are vulnerable to heat. (rF-)
You are in touch with the powers of death.
You do not drink.
You have a special connection with the divine. (Faith)


Message History

You slice Maggie!!
Maggie is heavily wounded.
The kobold brigand is no longer distracted by gold.
The kobold is no longer distracted by gold.
Maggie hits you but does no damage.
Maggie casts a spell.
Maggie attempts to bespell you! You resist with almost no effort.
You closely miss Maggie.
Maggie is heavily wounded.
The kobold is no longer distracted by gold.
Maggie casts a spell.
Maggie attempts to bespell you!
You are mesmerised by Maggie!
You barely miss Maggie.
Maggie is heavily wounded.
Maggie hits you with a +0 halberd.
Maggie gestures wildly while chanting.
Maggie draws you further into her thrall.
Unknown command.
You slash Maggie!
Maggie is severely wounded.
Maggie gestures at you while chanting. The bolt of fire hits you!!
The fire burns you terribly!
The kobold brigand is distracted by your dazzling golden aura.
Maggie hits you but does no damage.
The kobold brigand shouts!
You slash Maggie!
Maggie is almost dead.
Maggie is distracted by your dazzling golden aura.
You catch the helpless Maggie completely off-guard!
You hit Maggie but do no damage.
Maggie is no longer distracted by gold.
Maggie is almost dead.
The kobold brigand is no longer distracted by gold.
The kobold is distracted by your dazzling golden aura.
Maggie points at you and mumbles some strange words.
The bolt of fire hits you!! The fire burns you terribly!
* * * LOW HITPOINT WARNING * * *
Maggie hits you with a +0 halberd!
You die...
Your body crumbles into a pile of gold.

#.################
#.................
#.################
#.# #.# #.# #.#
#.# #@# #@# #K#
#K# #K# #K# ...
###


You could see Maggie (mesmerising, very poisoned), a kobold brigand and 3
kobolds.

Vanquished Creatures
  Menkaure (D:7)
  Edmund (D:5)
  A water moccasin (D:5)
  2 ice beasts (D:6)
  2 black bears
  A phantom (D:5)
  3 bullfrogs
  A scorpion (D:6)
  3 killer bees (D:7)
  4 hounds
  An orc priest (D:4)
  2 jellies
  A gnoll bouda (D:4)
  A sleepcap (D:5)
  5 iguanas
  3 orc wizards
  14 adders
  7 gnolls
  A shadow imp (D:6)
  A white imp (D:5)
  5 ufetubi
  A worm (D:2)
  4 dart slugs
  23 orcs
  3 bats
  6 endoplasms
  2 giant cockroaches
  7 hobgoblins
  7 jackals
  7 kobolds
  3 quokkas
  9 ball pythons
  A frilled lizard (D:1)
  9 goblins
  5 rats
147 creatures vanquished.

Vanquished Creatures (others)
  2 kobolds (D:7)
2 creatures vanquished.

Grand Total: 149 creatures vanquished

Notes
Turn   | Place    | Note
-------+----------+-------------------------------------------
     0 | D:5      | Kurtz the Mummy Delver began the quest for the Orb.
     0 | D:5      | Reached XP level 1. HP: 18/18 MP: 1/1
    62 | D:1      | Reached skill level 2 in Axes
   187 | D:1      | Reached XP level 2. HP: 24/24 MP: 2/2
   895 | D:2      | Reached skill level 3 in Axes
   895 | D:2      | Reached XP level 3. HP: 27/29 MP: 3/3
  1096 | D:2      | Reached XP level 4. HP: 32/35 MP: 4/4
  1119 | D:2      | Found a faded altar of an unknown god.
  1405 | D:3      | Reached skill level 4 in Axes
  1593 | D:3      | Reached XP level 5. HP: 41/41 MP: 5/5
  1670 | D:3      | Found Mohivini's Armour Shoppe.
  1678 | D:3      | Bought a +0 cloak for 45 gold pieces
  2386 | D:4      | Reached skill level 1 in Armour
  2413 | D:4      | Reached XP level 6. HP: 45/47 MP: 6/6
  2460 | D:4      | Reached skill level 5 in Axes
  3190 | D:5      | Reached skill level 6 in Axes
  3190 | D:5      | Reached XP level 7. HP: 48/52 MP: 7/7
  3209 | D:5      | Found a sacrificial altar of Ru.
  3353 | D:5      | Noticed Edmund
  3361 | D:5      | Killed Edmund
  3363 | D:5      | Identified the amulet of Cowardice {Contam rElec Regen+
                  | Str+2}
  3623 | D:5      | Reached skill level 7 in Axes
  3629 | D:5      | Found a staircase to the Ecumenical Temple.
  3645 | Temple   | Entered the Ecumenical Temple
  3651 | Temple   | Became a worshipper of Gozag Ym Sagoz the Greedy
  3678 | D:5      | Found a burning altar of Makhleb.
  3679 | D:5      | Found a hazy altar of Hepliaklqana.
  4219 | D:6      | Found a runed translucent door.
  4220 | D:6      | Noticed Crazy Yiuf
  4298 | D:6      | Reached XP level 8. HP: 58/58 MP: 8/8
  4350 | D:6      | Reached skill level 8 in Axes
  4820 | D:7      | Reached skill level 9 in Axes
  4965 | D:3      | Bought a +1 pair of gloves for 115 gold pieces
  5343 | D:7      | Noticed Menkaure
  5354 | D:7      | Killed Menkaure
  5355 | D:7      | Reached XP level 9. HP: 54/65 MP: 9/9
  5620 | D:7      | Noticed Maggie
  5632 | D:7      | HP: 3/65 [Maggie/bolt of fire (30)]
  5632 | D:7      | Mangled by Maggie

Illustrated notes

Levels and vault maps discovered:
D:1:      wander_arrival_chamber, layout_loops_ring
D:2:      layout_rooms, hellmonk_ecumenical_altar_run_dry,
          minmay_indecisive_spiral
D:3:      layout_rooms, serial_shops, shop, nicolae_the_louvre
D:4:      layout_rooms, serial_glass, glass_columns_a, glass_columns_b,
          minmay_strange_pillars
D:5:      layout_cave_pools, mainiacjoe_overflow_tiny_flanked,
          grunt_temple_overflow_open, minmay_temple_entry_waves,
          minmay_misc_feat_encased, dk_noncrumbling_3, uniq_edmund
D:6:      nicolae_BIG_FREAKIN_CUBE, layout_rooms, uniq_crazy_yiuf_cottage
D:7:      layout_basic, minmay_microvault, uniq_menkaure, uniq_maggie
Temple:   compressed_dpeg_circular_temple

Skill      XL: |  1  2  3  4  5  6  7  8 |
---------------+-------------------------+-----
Axes           | 2 3 4 6 7 9 |  9.4
Armour         | 1 2 |  2.1
Dodging        | 2 |  2.0
Fighting       | |  3.9
Stealth        | |  4.1

Action                     |  1- 3 |  4- 6 |  7- 9 || total
---------------------------+-------+-------+-------++-------
  Melee: Hand axe          |    56 |       |       ||    56
         War axe           |    35 |   161 |   143 ||   339
         Mace              |     6 |     6 |       ||    12
         Punch             |       |     1 |     4 ||     5
  Throw: Dart              |       |       |    11 ||    11
    Use: Scroll            |       |     1 |       ||     1
   Stab: Sleeping          |     2 |       |       ||     2
         Distracted        |       |       |     2 ||     2
 Armour: Leather armour    |     5 |       |       ||     5
         Chain mail        |    77 |    69 |       ||   146
         Plate armour      |       |   235 |   204 ||   439
  Dodge: Dodged            |    43 |    80 |    50 ||   173

Table legend: (Time is in decaauts)
 A = Elapsed time spent in this place.
 B = Non-inter-level travel time spent in this place.
 C = Inter-level travel time spent in this place.
 D = Time resting spent in this place.
 E = Time spent auto-exploring this place.
 F = Levels seen in this place.
 G = Mean time per level.
                   A        B        C        D        E       F      G
               +--------+--------+--------+--------+--------+-----+--------+
         Total |   5871 |   5175 |    696 |    702 |   3082 |   8 |  733.9 |
       Dungeon |   5858 |   5173 |    685 |    702 |   3082 |   7 |  836.9 |
        Temple |     12 |      1 |     11 |      0 |      0 |   1 |   12.0 |
               +--------+--------+--------+--------+--------+-----+--------+

Top non-repeatable levels by time:
     D:5: 1056 daAuts
     D:3: 921 daAuts
     D:1: 908 daAuts
     D:4: 877 daAuts
     D:6: 851 daAuts
     D:7: 645 daAuts
     D:2: 598 daAuts
  Temple: 12 daAuts
